 Dungeon Crawl Stone Soup version 0.26-a0-466-g989023bd0d (webtiles) character file.

Game seed: 12873992958471143350

1409 Apogee the Covert (level 8, 0/39 HPs)
             Began as a Spriggan Enchanter on Aug 1, 2020.
             Slain by an ogre
             ... wielding a +0 giant spiked club
              (23 damage)
             ... on level 6 of the Dungeon.
             The game lasted 00:19:07 (8454 turns).

Apogee the Covert (Spriggan Enchanter)              Turns: 8454, Time: 00:19:08

Health: 0/39       AC:  2    Str:  4    XL:     8   Next: 42%
Magic:  11/15      EV: 22    Int: 17    God:
Gold:   299        SH:  0    Dex: 18    Spells: 9/15 levels left

rFire    . . .     SeeInvis +   a - +1 dagger
rCold    . . .     Faith    .   (shield restricted)
rNeg     . . .     Spirit   .   f - +0 robe
rPois    .         Reflect  .   (helmet restricted)
rElec    .         Harm     .   (no cloak)
rCorr    .                      (gloves unavailable)
MR       +....                  (boots unavailable)
Stlth    ++++......             (no amulet)
HPRegen  0.13/turn              (no ring)
MPRegen  0.14/turn              (no ring)

@: very slightly contaminated, very quick
A: very small, unfitting armour, see invisible, speed 3
a: no special abilities


You were on level 6 of the Dungeon.
You visited 1 branch of the dungeon, and saw 6 of its levels.

You collected 299 gold pieces.

Inventory:

Hand Weapons
 a - a +1 dagger (weapon)
 b - a +2 whip of venom
   (You took it off a kobold on level 1 of the Dungeon)
Missiles
 e - 182 stones (quivered)
Armour
 f - a +0 robe (worn)
Jewellery
 p - an uncursed ring of fire {unknown}
   (You found it on level 3 of the Dungeon)
 y - a cursed amulet of inaccuracy {unknown}
   (You found it on level 3 of the Dungeon)
Wands
 d - a wand of iceblast (10)
   (You found it on level 4 of the Dungeon)
 n - a wand of polymorph (20)
   (You took it off Ijyb on level 3 of the Dungeon)
 t - a wand of flame (17)
   (You found it on level 5 of the Dungeon)
Scrolls
 c - 3 scrolls of amnesia {unknown}
 g - 3 scrolls of teleportation {unknown}
 h - 3 scrolls of enchant weapon {unknown}
 j - 5 scrolls of identify {unknown}
 l - 2 scrolls of enchant armour {unknown}
 m - 2 scrolls of noise {unknown}
 q - a scroll of fear {unknown}
 r - a scroll of immolation {unknown}
 w - 4 scrolls of remove curse {unknown}
Potions
 i - 3 potions of curing {@q1}
 k - a potion of cancellation {unknown}
 o - a potion of might {unknown}
 s - a potion of heal wounds {unknown}
 u - a potion of flight {unknown}
 v - 2 potions of stabbing {unknown}
 x - a potion of haste {unknown}
 z - a potion of brilliance {unknown}


   Skills:
 + Level 2.8 Fighting
 - Level 5.0 Short Blades
 + Level 6.1 Dodging
 - Level 8.0 Stealth
 - Level 4.0 Spellcasting
 - Level 8.0 Hexes


You had 9 spell levels left.
You knew the following spells:

 Your Spells              Type           Power        Failure   Level
a - Corona                Hex            ####...      1%          1
b - Confusing Touch       Hex            ####....     1%          3
x - Ensorcelled Hibernat  Hex/Ice        ###...       4%          2

Your spell library contained the following spells:

 Spells                   Type           Power        Failure   Level
 Tukima's Dance           Hex            ####....     1%          3
 Dazzling Flash           Conj/Hex       ###...       9%          3


Dungeon Overview and Level Annotations

Branches:
Dungeon (6/15)
 Temple: D:4-7

Altars:
Dithmenos
Gozag
Hepliaklqana
Okawaru
Ru
Wu Jian
The Shining One

Shops:
D:4 [

Annotations:
D:2 Natasha


Innate Abilities, Weirdness & Mutations

You are very small and have problems with some larger weapons.
You are too small for most types of armour.
You have supernaturally acute eyesight. (SInv)
You cover ground extremely quickly.


Message History

There is a stone staircase leading down here.
You climb downwards.
You hear the sound of rushing water.
There is an entrance to a sewer on this level.
Hurry and find it before the portal rusts away!
An ogre comes into view. It is wielding a +0 giant spiked club.
Found a scroll labeled FUCZEI SIEBIRPH.
There is a stone staircase leading up here.
Okay, then.
Unknown command.
You see here a scroll labeled FUCZEI SIEBIRPH.
Found a stone staircase leading down.
The helpless ogre fails to defend itself.
You perforate the ogre like a sieve!!!
You kill the ogre!
Your Dodging skill increases to level 6!
Things that are here:
a +0 giant spiked club; an ogre corpse
m - 2 scrolls labeled FUCZEI SIEBIRPH (gained 1)
A phantom comes into view.
Found 24 stones.
A phantom is nearby!
A phantom is nearby!
A phantom is nearby!
Found 8 gold pieces.
A shadow imp comes into view.
You can't see any susceptible monsters within range! (Use Z to cast anyway.)
Your hands begin to glow red.
You hit the phantom but do no damage.
The phantom blinks!
An ogre comes into view. It is wielding a +0 giant spiked club.
Found 11 gold pieces.
The ogre shouts!
You hit the phantom but do no damage. The phantom hits you.
You hit the phantom but do no damage. The phantom hits you.
The phantom blinks!
You barely miss the phantom. The phantom closely misses you.
You hit the phantom but do no damage. The phantom barely misses you.
You closely miss the phantom. You hit the phantom but do no damage.
The phantom appears confused.
The phantom hits you.
You closely miss the phantom.
The shadow imp lashes its tail.
The phantom completely misses you. The shadow imp gestures at you.
Pain shoots through your body!
Aim: an ogre, wielding a +0 giant spiked club (chance to defeat MR: 48%)
You miscast Ensorcelled Hibernation.
You are very lightly contaminated with residual magic.
Nothing appears to happen.
The ogre hits you with a +0 giant spiked club!!
Ouch! That really hurt!
You die...

#.............. .
.##.............. .
................. ..
#.............# ..
#.....#.($....# #.#######
#.............#
........######.#.5.......
..........<....#O#W......
...)....########@#.......
........########.#.......
..........#.......###.###
........#.........# .#
###########.......# .
#.......# . #.......#
#.......# #.......#


You could see an ogre and a shadow imp.

Vanquished Creatures
  Grinder (D:4)
  An ice beast (D:5)
  A phantom (D:4)
  An ogre (D:6)
  3 scorpions
  4 hounds
  A bullfrog skeleton (D:4)
  An iguana (D:4)
  An orc priest (D:5)
  A centaur skeleton (D:5)
  An iron imp (D:5)
  7 orc wizards
  Ijyb (D:3)
  Natasha (D:2)
  3 worker ants
  Robin (D:2)
  6 adders
  A gnoll (D:2)
  A shadow imp (D:4)
  4 worms
  2 dart slugs
  A leopard gecko (D:1)
  25 orcs
  5 bats
  6 giant cockroaches
  9 hobgoblins
  6 jackals
  9 kobolds
  2 quokkas
  5 frilled lizards
  13 goblins
  A goblin skeleton (D:5)
  A hobgoblin zombie (D:5)
  A jackal skeleton (D:4)
  A leopard gecko skeleton (D:4)
  2 orc zombies (D:5)
  A quokka skeleton (D:4)
  6 rats
137 creatures vanquished.

Notes
Turn   | Place    | Note
-------+----------+-------------------------------------------
     0 | D:1      | Apogee the Spriggan Enchanter began the quest for the Orb.
     0 | D:1      | Reached XP level 1. HP: 9/9 MP: 5/5
     2 | D:1      | Noticed a minotaur skeleton
    19 | D:1      | Noticed a minotaur skeleton
   333 | D:1      | Reached XP level 2. HP: 10/13 MP: 4/6
   342 | D:1      | Reached skill level 5 in Stealth
  1283 | D:1      | Learned a level 2 spell: Ensorcelled Hibernation
  1450 | D:2      | Noticed Robin
  1572 | D:2      | Reached XP level 3. HP: 16/16 MP: 6/8
  1594 | D:2      | Noticed Natasha
  1927 | D:2      | Found an ornate altar of the Wu Jian Council.
  2366 | D:2      | Noticed a shadow
  2367 | D:2      | Found a shadowy altar of Dithmenos.
  2368 | D:2      | Found a hazy altar of Hepliaklqana.
  2558 | D:2      | Killed Natasha
  2578 | D:2      | Reached XP level 4. HP: 19/21 MP: 6/9
  2861 | D:2      | Found an iron altar of Okawaru.
  3801 | D:2      | Noticed Natasha
  4190 | D:2      | Killed Robin
  4408 | D:3      | Noticed Ijyb
  4413 | D:3      | Killed Ijyb
  4413 | D:3      | Reached XP level 5. HP: 24/24 MP: 10/10
  5415 | D:4      | Reached XP level 6. HP: 28/28 MP: 4/11
  5418 | D:4      | Noticed Grinder
  5523 | D:4      | Reached skill level 5 in Short Blades
  5822 | D:4      | Paralysed by Grinder for 4 turns
  5891 | D:4      | Learned a level 3 spell: Confusing Touch
  5962 | D:4      | Found a sacrificial altar of Ru.
  6035 | D:4      | Found an opulent altar of Gozag.
  6068 | D:4      | Killed Grinder
  6068 | D:4      | Reached XP level 7. HP: 32/32 MP: 10/14
  6300 | D:4      | Found Dihireuz's Antique Armour Shoppe.
  6964 | D:5      | Entered Level 5 of the Dungeon
  6974 | D:5      | Found a glowing golden altar of the Shining One.
  7462 | D:5      | Reached skill level 1 in Fighting
  7462 | D:5      | Reached XP level 8. HP: 37/37 MP: 6/15
  7684 | D:5      | Reached skill level 5 in Dodging
  8454 | D:6      | Slain by an ogre

Illustrated notes

Levels and vault maps discovered:
D:1:      shiori_arrival_whats_in_store_for_you, layout_loops_ring
D:2:      kennysheep_six_static_rooms, layout_loops_ring,
          riverfiend_overflow_shadow_ancestor, kennysheep_okawaru_gauntlet,
          nicolae_overflow_hidden_temple, uniq_natasha, uniq_robin
D:3:      layout_loops_cross, roderic_lattice_a, uniq_ijyb
D:4:      layout_loops_ring, lemuel_coloured_pillars_altar, marbit_many_paths,
          serial_shops, nicolae_shop_stone, uniq_grinder
D:5:      layout_cave_pods, nicolae_tso_besieged_by_evil
D:6:      layout_rooms, yredelemnul_altar_generic,
          eat_drink_and_be_merry_uskayaw, nemelex_xobeh_ov_fountains_minmay,
          portal_sewer_entry_c

Skill      XL: |  1  2  3  4  5  6  7  8 |
---------------+-------------------------+-----
Stealth        | 5 6 7 8 |  8.0
Short Blades   | 2 3 4 5 |  5.0
Spellcasting   | 4 |  4.0
Hexes          | 6 8 |  8.0
Fighting       | 1 2 |  2.8
Dodging        | 6 |  6.1

Action                   |  1- 3 |  4- 6 |  7- 9 || total
-------------------------+-------+-------+-------++-------
Melee: Dagger            |   144 |   167 |   180 ||   491
Throw: Stone             |       |     2 |       ||     2
 Cast: Corona            |    12 |     8 |       ||    20
       Ensorcelled Hiber |    13 |    52 |    39 ||   104
       Confusing Touch   |       |     1 |     5 ||     6
  Use: Potion            |     2 |       |       ||     2
 Stab: Sleeping          |    13 |    41 |    30 ||    84
       Confused          |       |     2 |     5 ||     7
       Distracted        |       |       |     2 ||     2
Armor: Robe              |    16 |    12 |     2 ||    30
Dodge: Dodged            |   119 |   109 |   120 ||   348

Table legend: (Time is in decaauts)
 A = Elapsed time spent in this place.
 B = Non-inter-level travel time spent in this place.
 C = Inter-level travel time spent in this place.
 D = Time resting spent in this place.
 E = Time spent auto-exploring this place.
 F = Levels seen in this place.
 G = Mean time per level.
                   A        B        C        D        E       F      G
               +--------+--------+--------+--------+--------+-----+--------+
         Total |   6514 |   6164 |    350 |   1766 |   2992 |   6 | 1085.7 |
       Dungeon |   6514 |   6164 |    350 |   1766 |   2992 |   6 | 1085.7 |
               +--------+--------+--------+--------+--------+-----+--------+

Top non-repeatable levels by time:
     D:2: 1773 daAuts
     D:1: 1744 daAuts
     D:4: 1416 daAuts
     D:5: 944 daAuts
     D:3: 607 daAuts
     D:6: 28 daAuts
